 Dungeon Crawl Stone Soup version 0.18.1-5-g4a78601 (webtiles) character file.

380 vatarom the Shield-Bearer (level 7, 0/55 HPs)
             Began as a Formicid Fighter on May 9, 2016.
             Slain by a crimson imp
             ... wielding a +0 dagger of chaos
              (12 damage)
             ... on level 4 of the Dungeon.
             The game lasted 00:05:40 (2755 turns).

vatarom the Shield-Bearer (Formicid Fighter)        Turns: 2755, Time: 00:05:41

Health: 0/55       AC:  7    Str: 21    XL:     7   Next: 4%
Magic:  7/7        EV:  9    Int:  9    God:    Xom [.*....]
Gold:   215        SH: 11    Dex: 10    Spells: 0 memorised, 6 levels left

rFire  . . .     SeeInvis +     a - +1 war axe
rCold  . . .     Gourm    .     b - +0 scale mail
rNeg   . . .     Faith    .     c - +1 shield
rPois  .         Spirit   .     (helmet unavailable)
rElec  .         Dismiss  .     (no cloak)
rCorr  .         Reflect  .     (no gloves)
SustAt .         Harm     .     (no boots)
MR     .....                    (no amulet)
Stlth  ..........               (no ring)
                                e - +1 ring of evasion

@: not resistant to hostile enchantments, extremely unstealthy
A: permanent stasis, dig shafts and tunnels, four strong arms, antennae 3
a: Dig, Shaft Self, Renounce Religion


You were on level 4 of the Dungeon.
You worshipped Xom.
You were a plaything of Xom.
You were not hungry.

You visited 1 branch of the dungeon, and saw 4 of its levels.

You collected 215 gold pieces.

Inventory:

Hand Weapons
 a - a +1 war axe (weapon)
Armour
 b - a +0 scale mail (worn)
 c - a +1 shield (worn)
Jewellery
 e - a +1 ring of evasion (left hand)
Wands
 m - a wand of flame (3/48)
 o - a wand of digging (10/24)
Scrolls
 h - 2 scrolls of remove curse
 i - a scroll of enchant armour
 k - 3 scrolls of identify
 l - 2 scrolls of amnesia
Potions
 d - 2 potions of might
 j - 2 potions of resistance
 n - a potion of curing
 r - a potion of cancellation
Comestibles
 f - a bread ration
 g - a meat ration
 p - a royal jelly
 q - 5 chunks of flesh


   Skills:
 - Level 4.3 Fighting
 + Level 3.3 Axes
 - Level 3.0 Throwing
 - Level 3.7 Armour
 * Level 6.1 Shields


You had 6 spell levels left.
You didn't know any spells.

Dungeon Overview and Level Annotations

Branches:
Dungeon (4/15)
 Temple: D:4-7

Altars:
Xom


Innate Abilities, Weirdness & Mutations

You are under a permanent stasis effect.
You can dig through walls and to a lower floor.
Your four strong arms can wield two-handed weapons with a shield.
You have a pair of large antennae on your head (SInv).


Message History

You barely miss the crimson imp.
The crimson imp blinks! x2
You closely miss the crimson imp. You block the crimson imp's attack.
You hit the crimson imp but do no damage.
The crimson imp hits you with a dagger of chaos.
You barely miss the crimson imp. You block the crimson imp's attack.
The crimson imp hits you but does no damage.
Your scale mail prevents you from hitting the crimson imp.
The crimson imp hits you with a dagger of chaos.
The crimson imp burns you.
You closely miss the crimson imp. You block the crimson imp's attack.
The crimson imp hits you but does no damage.
You closely miss the crimson imp.
The crimson imp hits you but does no damage.
You are electrocuted!
* * * LOW HITPOINT WARNING * * *
You hit the crimson imp.
The crimson imp is lightly wounded.
The crimson imp hits you but does no damage.
You are electrocuted!
You die...

#.........
#.........
#.........
#########.........
.......#..........
.......#..........
..................
.#####.#..))..>...#
#..5@.#.......
#...#.###.#.#.#
#.......#.....#
...).###....#...
#..)..###....#.##
.................
#.##.####..#.####
.....>.......#
#####.##...#


You could see a crimson imp.

Vanquished Creatures
  3 crimson imps (D:4)
  An orc priest (D:4)
  An orc wizard (D:4)
  2 worker ants (D:4)
  Robin (D:4)
  5 adders
  An ooze (D:2)
  4 worms
  A dart slug (D:3)
  3 giant geckos (D:3)
  12 orcs
  12 goblins
  8 hobgoblins
  6 jackals
  4 quokkas
  A ball python (D:2)
  6 bats
  3 giant newts
  A jackal skeleton (D:4)
  7 kobolds
  12 rats
94 creatures vanquished.

Vanquished Creatures (collateral kills)
  An adder skeleton (D:4)
  6 goblins (D:4)
  A hobgoblin (D:4)
8 creatures vanquished.

Grand Total: 102 creatures vanquished

Notes
Turn   | Place    | Note
--------------------------------------------------------------
     0 | D:1      | vatarom the Formicid Fighter began the quest for the Orb.
     0 | D:1      | Reached XP level 1. HP: 18/18 MP: 1/1
    66 | D:1      | Reached XP level 2. HP: 21/24 MP: 2/2
   696 | D:1      | Reached XP level 3. HP: 30/30 MP: 3/3
   858 | D:1      | Reached skill level 1 in Throwing
  1018 | D:2      | Found a faded altar to an unknown god.
  1024 | D:2      | Became a worshipper of Xom of Chaos
  1036 | D:2      | XOM: harmless Erth miscast
  1344 | D:2      | Reached XP level 4. HP: 32/37 MP: 4/4
  1987 | D:3      | Reached XP level 5. HP: 42/42 MP: 5/5
  2306 | D:3      | XOM: colour smoke trail
  2343 | D:4      | Reached skill level 4 in Shields
  2381 | D:4      | Found a shimmering altar of Xom.
  2448 | D:4      | Reached XP level 6. HP: 47/49 MP: 6/6
  2462 | D:4      | XOM: confuse monster(s)
  2479 | D:4      | XOM: harmless Fire miscast
  2481 | D:4      | Reached skill level 5 in Shields
  2536 | D:4      | XOM: summons friendly white imp
  2614 | D:4      | Noticed Robin
  2632 | D:4      | Killed Robin
  2685 | D:4      | Reached skill level 6 in Shields
  2685 | D:4      | Reached XP level 7. HP: 14/55 MP: 7/7
  2755 | D:4      | Slain by a crimson imp

Skill      XL: |  1  2  3  4  5  6 |
---------------+-------------------+-----
Throwing       | 1 2 3 |  3.0
Fighting       | 4 |  4.3
Shields        | 4 6 |  6.1
Axes           | 3 |  3.3
Armour         | |  3.7

Action                   |  1- 3 |  4- 6 |  7- 9 || total
-------------------------+-------+-------+-------++-------
Melee: War axe           |   111 |   192 |     8 ||   311
 Abil: Dig               |       |     1 |       ||     1
Evoke: Wand              |       |     1 |       ||     1
  Use: Scroll            |     7 |     4 |       ||    11
       Potion            |     4 |     2 |       ||     6
 Stab: Confused          |       |     1 |       ||     1
  Eat: Bread ration      |     1 |     1 |       ||     2
Armor: Scale mail        |    37 |    80 |     4 ||   121
Dodge: Dodged            |    39 |    61 |       ||   100
Block: Shield            |    57 |   114 |     3 ||   174
